 Dungeon Crawl Stone Soup version 0.29-a0-284-gf9362112df (webtiles) character file.

Game seed: 3561982993238431533

392 sammy202020 the Skirmisher (level 6, -5/73 HPs)
             Began as a Demonspawn Berserker on Mar 23, 2022.
             Was a Believer of Trog.
             Slain by a gnoll sergeant
             ... wielding a +0 spear
              (8 damage)
             ... on level 5 of the Dungeon.
             The game lasted 00:04:47 (2940 turns).

sammy202020 the Skirmisher (Demonspawn Berserker)   Turns: 2940, Time: 00:04:47

Health: -5/73      AC:  6    Str: 17    XL:     6   Next: 50%
Magic:  6/6        EV: 11    Int: 11    God:    Trog [**....]
Gold:   164        SH:  0    Dex: 12    Spells: 5/5 levels left

rFire   . . .      SeeInvis .   a - +0 hand axe
rCold   . . .      Faith    .   (no shield)
rNeg    . . .      Spirit   .   b - +0 plate armour
rPois   .          Reflect  .   (no helmet)
rElec   .          Harm     .   (no cloak)
rCorr   .          Rampage  .   i - +2 pair of gloves
Will    ++...                   (no boots)
Stlth   ..........              (no amulet)
HPRegen 1.22/turn               (no ring)
MPRegen 0.10/turn               (no ring)

@: agile, berserking, strong-willed, corroded, regenerating, studying Dodging,
very quick
A: foul stench 1, powered by pain 1, weakness stinger 2
a: Renounce Religion, Berserk, Trog's Hand


You were on level 5 of the Dungeon.
You worshipped Trog.
Trog was pleased with you.
You visited 1 branch of the dungeon, and saw 4 of its levels.

You collected 164 gold pieces.

Inventory:

Hand Weapons
 a - a +0 hand axe (weapon)
Missiles
 c - 3 datura-tipped darts
 g - 2 boomerangs (quivered)
Armour
 b - a +0 plate armour (worn)
 i - a +2 pair of gloves (worn)
Scrolls
 e - a scroll of acquirement {unknown}
 h - 5 scrolls of teleportation
 j - a scroll of blinking {unknown}
 k - 2 scrolls of fog {unknown}
 l - a scroll of amnesia {unknown}
 m - 3 scrolls of identify {unknown}
 o - a scroll of enchant weapon {unknown}
Potions
 d - 4 potions of brilliance {unknown}
 f - a potion of might {unknown}
 n - a potion of curing {unknown}


   Skills:
 * Level 4.6 Fighting
 * Level 4.3 Axes
 * Level 3.6 Armour
 + Level 2.9 Dodging


You had 5 spell levels left.
You didn't know any spells.
Your spell library was empty.

Dungeon Overview and Level Annotations

Branches:
Dungeon (5/15)
 Temple: D:4-7

Altars:

Shops:
D:4 ?


Innate Abilities, Weirdness & Mutations

You may rarely emit foul miasma when damaged in melee.
You sometimes gain a little power by taking damage.
You have a tail ending in a sharp stinger.


Message History

A gnoll comes into view. It is wielding a +0 whip.
The jelly hits you but does no damage.
The gnoll shouts!
You hit the jelly.
Your hands burn!
The jelly is almost dead.
The jelly barely misses you.
You are too injured to fight recklessly!
You are too injured to fight recklessly!
You are too injured to fight recklessly!
Your skin crawls.
You feel strong-willed. The jelly hits you.
You are splashed with acid!
* * * LOW HITPOINT WARNING * * *
You focus on the pain.
You feel agile all of a sudden.
An orc comes into view. It is wielding a +0 hand axe.
A red film seems to cover your vision as you go berserk!
You feel yourself moving faster!
You feel mighty!
The orc shouts!
The jelly hits you but does no damage.
You slash the jelly!
You kill the jelly!
Trog accepts your kill.
You barely miss the gnoll. The gnoll hits you but does no damage.
The gnoll sergeant hits you from afar with a +0 spear!
* * * LOW HITPOINT WARNING * * *
You slash the gnoll!
The gnoll is severely wounded.
The gnoll sergeant hits you from afar with a +0 spear!
* * * LOW HITPOINT WARNING * * *
The gnoll barely misses you.
You slash the gnoll!
You kill the gnoll!
Trog accepts your kill.
Unknown command.
You are too berserk!
The gnoll hits you from afar with a +0 halberd.
* * * LOW HITPOINT WARNING * * *
The gnoll sergeant hits you with a +0 spear!
You die...

#.# #.# #.#
#.# #.# #.#
# #.#
..###S###.#
...oggg@..#
..###g#####
#


You could see a gnoll sergeant, 3 gnolls, an adder and an orc.

Vanquished Creatures
  2 centaurs (D:4)
  A jelly (D:5)
  2 hounds
  An iguana (D:4)
  An orc wizard (D:4)
  2 adders
  A gnoll (D:5)
  An ufetubus (D:4)
  2 worms
  A dart slug (D:1)
  3 orcs
  3 endoplasms
  3 giant cockroaches
  3 goblins
  3 hobgoblins (D:1)
  4 jackals (D:1)
  5 quokkas
  3 ball pythons (D:1)
  4 bats (D:1)
  A frilled lizard (D:1)
  5 kobolds
  4 rats (D:1)
55 creatures vanquished.

Notes
Turn   | Place    | Note
-------+----------+-------------------------------------------
     0 | D:1      | sammy202020 the Demonspawn Berserker began the quest for
                  | the Orb.
     0 | D:1      | Reached XP level 1. HP: 18/18 MP: 1/1
   176 | D:1      | Gained mutation: You sometimes gain a little power by
                  | taking damage. [demonic ancestry]
   176 | D:1      | Reached XP level 2. HP: 11/24 MP: 2/2
   908 | D:1      | Found a faded altar of an unknown god.
  1113 | D:1      | Reached ** piety under Trog
  1406 | D:1      | Gained mutation: You have a small tail. [demonic ancestry]
  1406 | D:1      | Reached XP level 3. HP: 29/29 MP: 3/3
  1668 | D:2      | You fall into a shaft and drop 2 floors!
  1805 | D:4      | Gained mutation: You may rarely emit foul miasma when
                  | damaged in melee. [demonic ancestry]
  1805 | D:4      | Reached XP level 4. HP: 26/37 MP: 4/4
  2117 | D:4      | Found Onoereff's Magic Scroll Boutique.
  2220 | D:4      | Noticed a centaur
  2223 | D:4      | Noticed a centaur
  2230 | D:4      | Killed a centaur
  2231 | D:4      | Gained mutation: You have a tail ending in a sharp stinger.
                  | [demonic ancestry]
  2231 | D:4      | Reached XP level 5. HP: 24/42 MP: 5/5
  2232 | D:4      | Killed a centaur
  2233 | D:4      | Reached XP level 6. HP: 26/49 MP: 6/6
  2776 | D:5      | Entered Level 5 of the Dungeon
  2940 | D:5      | HP: 3/73 [gnoll/+0 halberd (3)]
  2940 | D:5      | Slain by a gnoll sergeant

Illustrated notes

Levels and vault maps discovered:
D:1:      minmay_arrival_nine_rooms, layout_basic,
          ebering_ecumenical_altar_petrified, kennysheep_nondescript,
          minmay_pentomino_q2
D:2:      layout_rooms, chequers_avenue, hex_medium
D:4:      layout_loops_ring, serial_shops, shop, kennysheep_small_spiral,
          minmay_manual_mares
D:5:      layout_loops_ring, minmay_temple_entry_fiery,
          gammafunk_ghost_mausoleum, serial_shops, shop,
          minmay_misc_feat_plants, corexii_hall_statues_deadend, uniq_menkaure,
          uniq_eustachio

Skill      XL: |  1  2  3  4  5 |
---------------+----------------+-----
Armour         | 2 3 |  3.6
Axes           | 3 4 |  4.3
Dodging        | 2 |  2.9
Fighting       | 4 |  4.6

Action                   |  1- 3 |  4- 6 || total
-------------------------+-------+-------++-------
Melee: Hand axe          |   125 |    65 ||   190
       Punch             |     3 |     1 ||     4
       Tailslap          |     4 |    10 ||    14
Invok: Berserk           |       |     2 ||     2
       Trog's Hand       |       |     2 ||     2
  Use: Scroll            |     3 |       ||     3
 Stab: Sleeping          |     2 |       ||     2
Armor: Animal skin       |     5 |       ||     5
       Chain mail        |    27 |       ||    27
       Plate armour      |    47 |    65 ||   112
Dodge: Dodged            |    50 |    15 ||    65

Table legend: (Time is in decaauts)
 A = Elapsed time spent in this place.
 B = Non-inter-level travel time spent in this place.
 C = Inter-level travel time spent in this place.
 D = Time resting spent in this place.
 E = Time spent auto-exploring this place.
 F = Levels seen in this place.
 G = Mean time per level.
                   A        B        C        D        E       F      G
               +--------+--------+--------+--------+--------+-----+--------+
         Total |   2969 |   2964 |      5 |      0 |   2367 |   4 |  742.2 |
       Dungeon |   2969 |   2964 |      5 |      0 |   2367 |   4 |  742.2 |
               +--------+--------+--------+--------+--------+-----+--------+

Top non-repeatable levels by time:
     D:1: 1549 daAuts
     D:4: 1121 daAuts
     D:5: 164 daAuts
     D:2: 134 daAuts
